[Event "Mongolian Championship Open 2022"]
[Site "Chingis Khentii"]
[Date "2022.05.18"]
[Round "6.6"]
[White "Boldoo, Erdenepurev"]
[Black "Munkhgal, Gombosuren"]
[Result "1-0"]
[ECO "A70"]
[WhiteElo "2371"]
[BlackElo "2502"]
[Annotator "TA"]
[PlyCount "89"]
[EventDate "2022.05.12"]
[EventType "tourn"]
[EventCountry "MGL"]
[SourceTitle "playchess.com"]
[Source "ChessBase"]
[SourceQuality "1"]
[TimeControl "40/5400+30:1800+30"]

1. d4 Nf6 2. c4 c5 3. d5 e6 4. Nc3 exd5 5. cxd5 d6 6. e4 g6 7. Bd3 Bg7 8. h3 O-O 9. Nf3 Re8 10. O-O Nbd7 {[%emt 0:00:08][%cal Oc5c4,Bb8d7,Bd7c5,Bc5e4][%mdl 32] now scores much better than the old 10...a6. A70: Modern Benoni: 6 e4 g6 7 Nf3.} 11. Bf4 c4 $1 12. Bc2 Nc5 $1 {[%emt 0:00:49] The position is equal.} 13. Re1 {[%emt 0:01:16] Black should prevent Nd2.} b5 $1 14. Nxb5 Nfxe4 15. Bxe4 Nxe4 16. Qc2 $36 {[%emt 0:00:42][%csl LRc4,LRe4][%mdl 2048] Black is under pressure.} Ba6 17. a4 f5 18. Qxc4 Bxb2 {[%emt 0:01:32] [#]} 19. Ra2 $146 ({Predecessor:} 19. Rab1 Bg7 20. Nfd4 Qh4 21. Rxe4 Rxe4 22. Qc6 Rae8 23. Ne6 Bxb5 24. axb5 R8xe6 25. dxe6 Qxf4 26. Qe8+ {1-0 (26) Le Roux,J (2466)-Hou,Y (2158) Shenzhen 2005}) 19... Bf6 20. Nfd4 Qa5 21. Rae2 Rac8 {[%emt 0:11:42] A mistake that costs the game.} ({Black should try} 21... Bxb5 $14 22. Qxb5 Qb6) 22. Nc6 $18 {[%emt 0:00:24] Pair of Knights!} Qb6 {[%emt 0:00:49] [#]} (22... Bxb5 {might work better.} 23. axb5 (23. Nxa5 $2 {perishes.} Bxc4 24. Nxc4 Rxc4 $19) 23... Qc3 24. Qxc3 Bxc3) 23. Be3 $1 Qb7 {[%emt 0:00:21][%cal Oe4c3] [#]} 24. Bd4 {[%emt 0:00:09][%cal Oe2e4] Inhibits Nc3. Rxe4! is the strong threat.} Bxb5 (24... Qf7 {was worth a try.}) 25. axb5 Bxd4 26. Qxd4 Qg7 27. Qxg7+ Kxg7 28. Nxa7 Ra8 29. Nc6 Rf8 30. b6 Rf7 31. f3 Nc5 32. Re7 Ra2 (32... Raf8 $142 33. Ra7 Kf6 34. Rxf7+ Rxf7 35. Re6+ Kg5 36. Rxd6 Kf4) 33. b7 Nxb7 34. Rxf7+ Kxf7 {[%emt 0:00:02][%mdl 4096] Endgame KRN-KRN} 35. Re7+ Kf6 36. Rxb7 {[%emt 0:00:04] KRN-KR} Rd2 37. Nd8 Ke5 38. Rxh7 Rxd5 39. Nf7+ Kf4 40. Rg7 Rd1+ 41. Kh2 d5 42. Rxg6 {[%emt 0:00:35] White wants to mate with Re6.} d4 43. h4 {[%emt 0:01:26] White mates.} d3 44. Rd6 d2 45. Rd3 {[%emt 0:00:14] Weighted Error Value: White=0.15 (very precise) /Black=0.72} 1-0

[Event "Mongolian Championship Open 2022"]
[Site "Chingis Khentii"]
[Date "2022.05.19"]
[Round "7.1"]
[White "Agibileg, Uurtsaikh"]
[Black "Battulga, Namkhai"]
[Result "1-0"]
[ECO "D15"]
[WhiteElo "2440"]
[BlackElo "2402"]
[Annotator "TA"]
[PlyCount "81"]
[EventDate "2022.05.12"]
[EventType "tourn"]
[EventCountry "MGL"]
[SourceTitle "playchess.com"]
[Source "ChessBase"]
[SourceQuality "1"]
[TimeControl "40/5400+30:1800+30"]

1. d4 d5 2. c4 c6 3. Nf3 Nf6 4. Nc3 a6 5. c5 Bf5 6. Qb3 Ra7 {[%emt 0:00:08] D15: Slav Defence: 4 Nc3 a6 and gambit lines after 4 Nc3 dxc4.} 7. Bf4 Nbd7 8. h3 {[%emt 0:01:41] 8.e3 is the fancy move.} g6 {[%emt 0:03:59] White has an edge.} 9. e3 Bg7 10. Be2 O-O 11. O-O Ne4 {[%emt 0:03:34] [#]} 12. Na4 $146 (12. Rad1 $14) ({Predecessor:} 12. Bh2 h6 13. Nxe4 Bxe4 14. Nd2 Bf5 15. g4 Be6 16. Kg2 Kh7 17. Qc2 Ra8 18. Bd3 {1-0 (87) Lenic,L (2659)-Balog,I (2621) Velky Cetin 2018}) 12... Re8 (12... e5 $11 13. dxe5 (13. Nxe5 Bxe5 14. dxe5 Nd2 $15) 13... Nexc5 14. Nxc5 Nxc5) 13. Bh2 (13. g4 $14 e5 14. Nxe5 (14. gxf5 exf4 15. fxg6 hxg6 $17)) 13... e5 $11 14. Rfe1 ({Much worse is} 14. g4 Be6 15. Nxe5 Bxe5 16. dxe5 (16. Bxe5 Nxe5 17. dxe5 Qh4 $17) 16... Qh4 $15) 14... f6 15. Rac1 g5 16. Bd3 Bg6 17. dxe5 fxe5 ({Don't do} 17... Nxe5 18. Nxe5 fxe5 19. Qc2 $16) 18. Bxe4 Bxe4 19. Nd2 $1 Bg6 20. e4 Bf7 21. exd5 cxd5 22. Nb6 Nb8 (22... e4 $1 $11) 23. Rcd1 {[%emt 0:15:42][%cal Od2e4] White is much more active. The black rooks are badly placed.} Nc6 24. Qa4 Qe7 25. Nb3 {[%emt 0:02:13] Pair of Knights!} Rd8 26. Qg4 {[%emt 0:02:57] Nc8 is the strong threat.} a5 (26... h5 $11 27. Qf5 Qf6 28. Qxf6 Bxf6) 27. Nc8 $16 Rxc8 28. Qxc8+ Qf8 (28... Bf8 $16 {was called for.}) 29. Qc7 (29. Qg4 $18) 29... e4 30. f3 a4 31. Bd6 ({White should try} 31. Nd2 $16) 31... Qa8 $1 $14 32. Nd2 b5 33. Qb6 Nd4 {[%emt 0:00:18] [#] Threatens to win with ...Rb7.} 34. Bb8 $1 ({Don't blunder} 34. fxe4 $2 Rb7 35. Qxb7 Qxb7 $19) 34... Ra6 $2 {[%emt 0:01:14][%mdl 8192] A mistake that costs the game.} (34... Re7 $16) 35. Qd8+ $18 {[%emt 0:14:52] White is clearly winning.} Bf8 {[%emt 0:03:13] [#]} 36. Nxe4 $3 Ne6 (36... Nxf3+ 37. gxf3) 37. Nf6+ Kg7 38. Ne8+ Kg8 {[%emt 0:00:00] [#]} 39. Rxe6 Rxe6 40. Nc7 Qc6 41. Nxe6 {[%emt 0:00:00] Weighted Error Value: White=0.17 (very precise) /Black=0.24 (precise)} 1-0

[Event "Mongolian Championship Open 2022"]
[Site "Chingis Khentii"]
[Date "2022.05.19"]
[Round "7.2"]
[White "Bilguun, Sumiya"]
[Black "Batsuren, Dambasuren"]
[Result "1/2-1/2"]
[ECO "B13"]
[WhiteElo "2454"]
[BlackElo "2501"]
[Annotator "TA"]
[PlyCount "72"]
[EventDate "2022.05.12"]
[EventType "tourn"]
[EventCountry "MGL"]
[SourceTitle "playchess.com"]
[Source "ChessBase"]
[SourceQuality "1"]
[TimeControl "40/5400+30:1800+30"]

1. e4 c6 2. d4 d5 3. exd5 cxd5 4. Bd3 Nc6 5. c3 Nf6 6. Bf4 Bg4 7. Qb3 Qd7 8. Nd2 e6 9. Ngf3 Bd6 10. Bxd6 Qxd6 11. O-O {[%emt 0:01:25] B13: Caro-Kann: Exchange Variation and Panov-Botvinnik Attack.} O-O 12. Rae1 Ne7 13. Ne5 {[%emt 0:09:13] The position is equal.} ({Much worse is} 13. Qxb7 Rfb8 14. Qa6 Qxa6 15. Bxa6 Rxb2 $17) 13... Bf5 14. Qd1 {[%emt 0:08:36] [#]} ({But not} 14. Qxb7 $2 Bxd3 15. Nxd3 Rfb8 16. Qxa8 Rxa8 $19) 14... b5 $146 (14... Bxd3 $11 15. Nxd3 Qa6) ({Predecessor:} 14... Bxd3 15. Nxd3 Rab8 16. a4 Nc6 17. b4 b6 18. Ne5 Rbc8 19. Qb3 Rc7 20. Ra1 Rfc8 {1-0 (39) Tabatabaei,M (2629)-Harsha,B (2509) Chess.com INT 2020}) 15. a3 (15. Bxb5 $14 Qb6 16. Qb3) 15... Bxd3 $11 16. Nxd3 a5 17. b4 axb4 18. axb4 Ra2 19. Nc5 Rfa8 20. Nf3 Nf5 21. Qd3 Qb8 22. Ne5 Nd6 23. Re2 Rxe2 24. Qxe2 Nfe4 25. Qb2 Qa7 {[%emt 0:00:55] Inhibits Ra1.} 26. f3 Nf6 27. Nb3 Qa2 28. Qxa2 Rxa2 29. Ra1 Rxa1+ (29... Rc2 {is more complex.} 30. Ra8+ Nfe8 31. h4 Rxc3 32. Nc5 g6) 30. Nxa1 {[%emt 0:00:07][%mdl 4096] Endgame KNN-KNN} Nfe8 31. Nc2 f6 32. Nc6 Nc4 33. Kf2 Kf7 34. Na5 Ned6 35. Nb3 h5 36. Ne3 g5 {[%emt 0:34:21] Weighted Error Value: White=0.11 (very precise) /Black=0.09 (flawless)} 1/2-1/2

[Event "Mongolian Championship Open 2022"]
[Site "Chingis Khentii"]
[Date "2022.05.19"]
[Round "7.3"]
[White "Amilal Munkhdalai"]
[Black "Boldoo, Erdenepurev"]
[Result "1/2-1/2"]
[ECO "B40"]
[WhiteElo "2033"]
[BlackElo "2371"]
[Annotator "TA"]
[PlyCount "120"]
[EventDate "2022.05.12"]
[EventType "tourn"]
[EventCountry "MGL"]
[SourceTitle "playchess.com"]
[Source "ChessBase"]
[SourceQuality "1"]
[TimeControl "40/5400+30:1800+30"]

1. e4 c5 2. Nf3 e6 3. b3 Be7 4. Bb2 Nf6 5. e5 Nd5 6. c4 Nb4 7. a3 {[%emt 0:03:56] B40: Sicilian: 2...e6, Unusual lines.} N4c6 8. Nc3 f5 {[%emt 0:05:29] [#]} 9. Rg1 $146 (9. b4 $14) ({Predecessor:} 9. g3 a6 10. Bg2 Qc7 11. O-O O-O 12. Re1 Nd4 13. Nxd4 cxd4 14. Ne2 Qxe5 15. Nxd4 {½-½ (45) Stankovic,M (2401)-Doeres,H (2207) Germany 2016}) 9... d6 (9... O-O $1 $15) 10. exd6 $1 $11 Bf6 (10... Bxd6 $11 11. d4 cxd4 12. Nxd4 O-O) 11. g4 $1 $14 fxg4 12. Rxg4 O-O (12... Qxd6 $14 13. Ne4 Qe7 14. Bxf6 (14. Nxf6+ gxf6 15. Rg3 e5 $14) 14... gxf6) 13. Qc2 {[%emt 0:07:33] White is more active.} (13. Bd3 $16) 13... e5 14. Rg3 Nd4 15. Nxd4 exd4 16. Ne4 Bh4 {[%emt 0:00:38][%mdl 1024] Black has compensation.} 17. Rg1 Bf5 18. O-O-O Nd7 19. f4 Nf6 20. d3 b6 21. Bg2 $1 Ng4 22. Qe2 {[%emt 0:05:16][%cal Oe4c5] And now Nxc5! would win.} Ne3 {[%emt 0:01:20] [#]} ({Black should play} 22... Qd7 $15) 23. Rd2 (23. Nxc5 $1 $14 Nxd1 24. Bxd4) 23... Nxg2 24. Qxg2 Qd7 25. b4 g6 $1 (25... Bxe4 26. dxe4 Rxf4 27. e5 $16) 26. bxc5 bxc5 {[%emt 0:00:01][%mdl 64] Remove Defender} 27. Nxc5 Qxd6 28. Nb3 Bf6 29. Kb1 ({White should try} 29. Qd5+ $1 $15 Qxd5 30. cxd5) 29... Rab8 $17 30. Ka2 (30. c5 $2 Qe7 31. Nxd4 (31. Qd5+ $2 Be6 $19) 31... Rxb2+ 32. Rxb2 Bxd3+ 33. Nc2 Qxc5 $19) 30... Rfd8 31. h4 (31. Nc1 $17 {was worth a try.}) 31... Bxh4 (31... Qb6 $19 32. Nc1 Bxh4) 32. Qd5+ $2 (32. Na5 $17) 32... Qxd5 $19 33. cxd5 Rxd5 34. Nc1 h5 35. Rh2 Bf6 (35... Rdb5 $19 36. Rc2 Bf6) 36. Rxh5 $17 Rdb5 37. Rh2 Be7 {[%emt 0:01:01][%cal Oe7a3] Threatens to win with ...Bxa3!} 38. Re2 {[%emt 0:00:25] [#]} ({Wrong is} 38. Bxd4 $2 Be6+ 39. Nb3 Rxb3 $19) (38. Re1 $17 {might work better.} Bf6 39. Ka1) 38... Kf7 (38... Be6+ $1 $19 39. Ka1 Bxa3 $1 40. Rxg6+ Kf7) 39. Rge1 $2 {[%emt 0:01:31][%mdl 8192] [#]} (39. Bxd4 $17 Be6+ 40. Rxe6 Kxe6 41. Rxg6+ Kf5 42. Rh6) 39... R8b7 $2 (39... Be6+ $1 $19 40. Kb1 Bxa3 41. Rxe6 Rxb2+ 42. Ka1 Rb1+ 43. Ka2 Bxc1 44. Re7+ Kf8 45. Rxc1 R8b2+ 46. Ka3 Kxe7 47. Rc7+ Ke6) 40. Bxd4 {[%emt 0:00:00] [#]} Bxa3 $1 41. Re5 Bd6 {[%emt 0:05:57][%cal Of5e6] This bishop pair is nice.} 42. Rxb5 Rxb5 43. Be5 Bxe5 44. fxe5 {[%emt 0:10:46][%mdl 4096] Endgame KRB-KRN} g5 ({Better is} 44... Be6+ $17 45. Ka1 g5) 45. d4 $1 $11 Be6+ 46. Ka3 (46. Ka1 $1 $15) 46... Rb1 $17 47. Rf1+ Ke7 48. Rg1 (48. Rh1 $17 {keeps fighting.}) 48... g4 $19 49. Ka4 {[%emt 0:02:42] [#]} g3 (49... Kd7 $1 $19 {and Black stays clearly on top. White must now prevent ...Kc6.} 50. Rh1 g3) 50. Ne2 $2 (50. Ka5 $17) 50... Rxg1 51. Nxg1 {[%emt 0:00:04] KB-KN} Bg4 52. d5 Bc8 53. Kb5 Bb7 54. Kc5 g2 55. Ne2 Kd7 ({Don't blunder} 55... Ba6 $2 56. Ng1 $19) 56. Ng1 a5 {[%emt 0:00:05] ...a4 is the strong threat.} 57. Nh3 Ba6 $2 (57... a4 $19 {( -> ...a3)} 58. e6+ Ke7 59. d6+ Kxe6 60. Nf4+ Kd7 61. Nxg2 a3) 58. e6+ $1 $11 {[%emt 0:00:11] The position is equal.} Ke7 {[%emt 0:00:05] Strongly threatening ...a4.} 59. d6+ Kxe6 60. Nf4+ Ke5 {[%emt 0:45:45] Weighted Error Value: White=0.60/Black=0.49} 1/2-1/2

[Event "Mongolian Championship Open 2022"]
[Site "Chingis Khentii"]
[Date "2022.05.19"]
[Round "7.4"]
[White "Amartuvshin, Ganzorig"]
[Black "Batchuluun, Tsegmed"]
[Result "1-0"]
[ECO "D41"]
[WhiteElo "2350"]
[BlackElo "2536"]
[Annotator "TA"]
[PlyCount "67"]
[EventDate "2022.05.12"]
[EventType "tourn"]
[EventCountry "MGL"]
[SourceTitle "playchess.com"]
[Source "ChessBase"]
[SourceQuality "1"]
[TimeControl "40/5400+30:1800+30"]

1. d4 Nf6 2. c4 e6 3. Nf3 d5 4. Nc3 c5 5. cxd5 Nxd5 6. e4 Nxc3 7. bxc3 cxd4 8. cxd4 Bb4+ 9. Bd2 Bxd2+ 10. Qxd2 O-O 11. Bc4 Nd7 12. O-O b6 13. Rad1 Bb7 14. Rfe1 Rc8 {[%emt 0:00:08] D41: Queen's Gambit Declined: Semi-Tarrasch with 5 cxd5.} 15. Bb3 Re8 16. Re3 Nf6 {[%emt 0:00:49] The position is equal.} 17. d5 exd5 18. e5 Ne4 19. Qe1 Qc7 20. Nd4 Rxe5 (20... Qxe5 21. f3 $14) (20... Qc5 $11 {keeps the balance.}) 21. f3 $1 $16 Rh5 22. h4 {[%emt 0:06:48][%mdl 1024] White has strong compensation.} Nd6 {[%emt 0:09:04] [#]} (22... Rd8 $16) 23. g4 $1 $18 Rh6 {[%emt 0:00:19] [#]} 24. Nf5 $1 {[%emt 0:23:42] [#]} Qc5 $146 {[%emt 0:10:39] And now ...Nxf5 would win.} ({Predecessor:} 24... Rf8 25. Nxh6+ gxh6 26. Bxd5 Bxd5 27. Rxd5 Nc4 28. Re7 Qc6 29. Qe4 b5 30. Rg5+ {1-0 (30) Abdusattorov,N (2634)-Alavi Moghaddam,S (2432) Chess.com INT 2021}) 25. Ne7+ Kf8 26. Nxc8 {[%emt 0:00:09] White is much more active.} Re6 {[%emt 0:08:48] [#]} 27. Nxd6 $1 Rxe3 28. Qf2 Qxd6 29. Qxe3 Qg3+ 30. Kf1 ({Don't blunder} 30. Kh1 $2 d4 31. Qe4 Bxe4 $19) 30... Ba6+ {[%emt 0:00:13] [#]} 31. Rd3 $1 Qxh4 {[%emt 0:02:50] [#]} (31... h5 $16 {was necessary.}) (31... d4 32. Qe4) 32. Kg2 $1 Bxd3 33. Qxd3 h5 $2 (33... g6 34. Qxd5 Qe7) 34. Qxd5 {[%emt 0:00:14] Weighted Error Value: White=0.03 (flawless) /Black=0.40} 1-0

[Event "Mongolian Championship Open 2022"]
[Site "Chingis Khentii"]
[Date "2022.05.19"]
[Round "7.5"]
[White "Munkhgal, Gombosuren"]
[Black "Gundavaa, Bayarsaikhan"]
[Result "1/2-1/2"]
[ECO "E62"]
[WhiteElo "2502"]
[BlackElo "2495"]
[Annotator "TA"]
[PlyCount "65"]
[EventDate "2022.05.12"]
[EventType "tourn"]
[EventCountry "MGL"]
[SourceTitle "playchess.com"]
[Source "ChessBase"]
[SourceQuality "1"]
[TimeControl "40/5400+30:1800+30"]

1. d4 g6 2. Nf3 Bg7 3. g3 Nf6 4. Bg2 O-O 5. O-O d6 6. c4 c6 7. Nc3 Bf5 8. Ng5 {[%emt 0:00:20][%cal Bf3g5,Bg5h3,Bh3f2][%mdl 32] 8.Ne1 is the recent fashion. E62: King's Indian: Fianchetto: 6...c6 and Panno Variation (6...Nc6) without ...a6.} e5 9. d5 h6 10. e4 {[%emt 0:00:43] White is slightly better.} Bg4 11. f3 Bd7 {[%emt 0:00:15] [#] White must now prevent ...Qb6+.} 12. Nh3 cxd5 13. cxd5 b5 14. a3 a5 {[%emt 0:03:21] [#]} 15. Be3 $146 ({Predecessor:} 15. Nf2 Na6 16. Qe2 Qb6 17. Be3 Qb7 18. Rfc1 b4 19. axb4 axb4 {1-0 (47) Ippolito,D (2369)-Yip,C (2420) Chess.com INT 2020}) 15... Na6 16. Nf2 Qb8 17. Re1 Nc5 18. b4 axb4 19. axb4 Na4 20. Qd2 Rc8 21. Rec1 Kh7 22. Bf1 Nxc3 23. Rxa8 Qxa8 24. Rxc3 Rxc3 25. Qxc3 Ne8 26. Bh3 Bxh3 27. Nxh3 f5 28. Nf2 fxe4 29. fxe4 Nf6 30. Qb2 Qc8 31. Qc1 Qa8 32. Qb2 Qc8 33. Qc1 {[%emt 0:00:07] Weighted Error Value: White=0.09 (flawless) /Black=0.06 (flawless)} 1/2-1/2

[Event "Mongolian Championship Open 2022"]
[Site "Chingis Khentii"]
[Date "2022.05.19"]
[Round "7.6"]
[White "Enkhnar, Enkhbaatar"]
[Black "Gan-Erdene, Sugar"]
[Result "1/2-1/2"]
[ECO "E63"]
[WhiteElo "2368"]
[BlackElo "2419"]
[Annotator "TA"]
[PlyCount "104"]
[EventDate "2022.05.12"]
[EventType "tourn"]
[EventCountry "MGL"]
[SourceTitle "playchess.com"]
[Source "ChessBase"]
[SourceQuality "1"]
[TimeControl "40/5400+30:1800+30"]

1. d4 Nf6 2. c4 g6 3. g3 Bg7 4. Bg2 O-O 5. Nc3 d6 6. Nf3 Nc6 7. O-O a6 8. b3 $1 {[%emt 0:01:32][%mdl 4] is currently scoring better than 8.h3.} Rb8 9. d5 Na5 {[%emt 0:04:10] E63: King's Indian: Fianchetto: Panno Variation with 7...a6.} 10. Bg5 c5 11. dxc6 $1 Nxc6 {[%emt 0:00:35] White is slightly better.} 12. Rc1 Be6 13. Nd5 {[%emt 0:05:30] [#]} Ne4 $146 ({Predecessor:} 13... Bxd5 14. cxd5 Nb4 15. Bxf6 Bxf6 16. a3 Na2 17. Rc2 Nc3 18. Qd3 Qa5 19. Nd2 Rbc8 {½-½ (46) Borhy,M (2371)-Mendonca,L (2499) Budapest 2020}) 14. Be3 Qa5 15. a4 {[%emt 0:19:51] Threatens to win with Bb6.} Nc3 {[%emt 0:05:03] [#]} (15... Bxd5 $14 16. cxd5 (16. Qxd5 Nc3 $11) 16... Nb4) 16. Rxc3 $1 $16 Bxd5 {[%emt 0:00:53] [#]} (16... Bxc3 $2 17. Bb6 $18) 17. cxd5 Qxc3 18. dxc6 (18. Bd2 $16 Qb2 19. dxc6 bxc6 20. Bg5) 18... bxc6 $14 19. Bd4 {[%emt 0:04:22] A strong pair of Bishops.} Qxb3 {[%emt 0:09:25] [#]} (19... Bxd4 $11 20. Qxd4 (20. Nxd4 d5 $11) 20... Qxd4 21. Nxd4 c5) 20. Qxb3 ({White should play} 20. Qa1 $1 $16 e5 21. Bc3) 20... Rxb3 $11 21. Bxg7 $1 Kxg7 22. Nd4 Ra3 {[%emt 0:00:31] And now ...c5 would win.} 23. Nxc6 e6 24. a5 Rc8 25. Rb1 d5 26. Rb6 Rc3 27. Nd4 Ra3 {[%emt 0:06:43][%mdl 1024] Black has compensation.} 28. Nc6 ({Don't go for} 28. Rxa6 $2 Ra1+ 29. Bf1 Rcc1 $19) 28... Rc3 29. Nd4 Ra3 (29... Rc1+ $15 30. Bf1 e5) 30. Bh3 ({Don't blunder} 30. Rxa6 $2 Ra1+ 31. Bf1 Rcc1 $19) (30. Nc6 $11) 30... Rxa5 31. Rb7 Kg8 (31... Kf8 $15) 32. f4 Ra4 33. Nf3 Re4 34. Bf1 {[%emt 0:01:04] Black should prevent Ne5.} f6 {[%emt 0:00:32] Prevents Ne5.} 35. Ra7 Rc6 36. Kf2 Ra4 37. Bh3 Re4 38. Ne1 Rb4 39. Nd3 Rbb6 40. g4 h6 {[%emt 0:00:00] Inhibits g5.} (40... a5 $1 $11 {keeps the balance.}) 41. Bg2 $16 Rd6 42. Nc5 {[%emt 0:03:12] Black must now prevent Nd7.} Rb4 43. Nxe6 {[%emt 0:03:48] White is more active.} Rxe6 $11 44. Bxd5 Rxf4+ $16 {[%emt 0:00:04][%mdl 4096] Endgame KRR-KRB} 45. Kg3 Rfe4 46. Re7 {[%emt 0:01:48][%mdl 64] Pin} Re3+ 47. Kh4 Rxe2 48. Rxe6 Rxe6 {[%emt 0:00:18] The position is equal.} 49. Bxe6+ Kg7 50. Bc4 a5 51. Bb3 f5 52. g5 f4 {[%emt 0:00:30] Weighted Error Value: White=0.12 (very precise) /Black=0.13 (very precise)} 1/2-1/2

[Event "Mongolian Championship Open 2022"]
[Site "Chingis Khentii"]
[Date "2022.05.20"]
[Round "8.1"]
[White "Batchuluun, Tsegmed"]
[Black "Batsuren, Dambasuren"]
[Result "0-1"]
[ECO "E11"]
[WhiteElo "2536"]
[BlackElo "2501"]
[Annotator "TA"]
[PlyCount "168"]
[EventDate "2022.05.12"]
[EventType "tourn"]
[EventCountry "MGL"]
[SourceTitle "playchess.com"]
[Source "ChessBase"]
[SourceQuality "1"]
[TimeControl "40/5400+30:1800+30"]

1. d4 Nf6 2. c4 e6 3. g3 d5 4. Nf3 Bb4+ 5. Bd2 a5 6. Bg2 O-O 7. Qc2 c5 {[%emt 0:00:20] E11: Bogo-Indian.} 8. cxd5 {[%emt 0:00:36] The main line 8.cxd5 scores better than 8.dxc5.} cxd4 9. Nxd4 Qb6 {[%emt 0:00:06] White is slightly better.} 10. e3 exd5 11. a3 Bxd2+ 12. Nxd2 (12. Kxd2 Nc6 13. Nxc6 bxc6 $17) 12... Nc6 13. N2f3 Bg4 14. O-O Rac8 15. Qd3 Ne4 {[%emt 0:01:14] [#]} 16. Qb3 $146 ({Predecessor:} 16. Rab1 Bh5 17. Bh3 Nxd4 18. Nxd4 Rc5 19. b4 Rc3 20. Qb5 Qxb5 21. Nxb5 Rc4 22. Rb2 axb4 23. axb4 {½-½ (28) Wojtaszek,R (2717)-Huschenbeth,N (2605) Warsaw 2020}) 16... Qxb3 17. Nxb3 Bxf3 18. Bxf3 Ne5 19. Bxe4 dxe4 20. Nxa5 b6 21. Nb7 Rc2 22. b4 Nd3 23. Nd6 f5 24. Nb5 g6 25. Nd4 Rb2 26. Rfb1 Rxf2 27. a4 g5 28. a5 f4 29. gxf4 gxf4 30. exf4 $2 {[%emt 0:00:37] Loses the game.} (30. Rf1 $1 $11 fxe3 31. axb6) 30... Kh8 $1 $19 {[%emt 0:05:57] Hoping for ...Rg8+.} (30... R8xf4 31. h3 (31. axb6 Rg4+ 32. Kh1 Rfg2 $11) 31... Rf6 32. a6 Rg6+ 33. Kh1 $11) 31. Kh1 (31. axb6 {is a self mate.} Rg8+ 32. Kh1 Rfg2) 31... Rd2 $1 {[%emt 0:06:12] aiming for ...Rg8.} 32. axb6 Rg8 $1 33. Rf1 e3 {[%emt 0:04:10] ...e2 is the strong threat.} 34. b7 e2 35. Nxe2 Rxe2 36. h3 (36. Ra8 $2 {gets mated.} Nf2+ 37. Rxf2 Re1+) 36... Re7 37. Rf3 Nxb4 38. Ra7 (38. Rb1 $142 Rxb7 39. Rfb3) 38... Rb8 39. Rb3 Rexb7 ({Not} 39... Rbxb7 $2 40. Rxb7 Rxb7 41. Rb2 $19) 40. Rxb7 Rxb7 {[%emt 0:00:00][%mdl 4096] Endgame KRN-KR} 41. Kg2 $2 (41. Rb1 {was called for.}) 41... Kg7 {[%emt 0:00:19] Threatens to win with ...Rb6.} 42. Kf3 $2 (42. Rb2 {keeps fighting.}) 42... Rb6 43. Ke4 Kf6 44. Kf3 (44. Rg3 $142 Nc6 45. Rg5) 44... Kf5 45. Ra3 Nd5 (45... Ra6 $142 46. Re3 Ra5) 46. Kg3 Rg6+ 47. Kf3 Rc6 {[%emt 0:00:06] ( -> ...Rc3+)} 48. Ra5 Rc3+ 49. Ke2 {[%emt 0:02:23] [#]} Ke6 $1 50. Ra6+ Kf7 51. Ra7+ Ne7 52. Kf2 (52. h4 $142) 52... Rxh3 53. Kg2 Rc3 54. Kf2 Kf6 55. Ra6+ Rc6 56. Ra7 h5 {[%emt 0:02:52] Strongly threatening ...Nf5.} 57. Ra5 Nf5 58. Ra8 Rc2+ 59. Kf3 Rc3+ 60. Kf2 Nd4 61. Rh8 Kg6 62. Rg8+ Kh7 63. Rd8 Rf3+ 64. Kg2 Rxf4 65. Kg3 Rg4+ (65... Ne6 $142 66. Rd6 h4+ 67. Kh3 Ng5+ 68. Kg2 Rg4+ 69. Kf2 Ne4+ 70. Kf3 Nxd6 71. Kxg4 {[#]} Nf5 $1 72. Kh3 Kg6 73. Kg4 Kf6 74. Kf3 Kg5 75. Kg2 Kg4 76. Kh1 Kg3 77. Kg1 Ne3 78. Kh1 h3 79. Kg1 Nd1 80. Kf1 h2 81. Ke1 h1=Q+ 82. Kd2 Qd5+ 83. Kc1 Kf3 84. Kc2 Ke2 85. Kc1 Qd2+ 86. Kb1 Qb2#) 66. Kh3 Ne6 {[%emt 0:01:00] Black mates.} 67. Rd6 Ng5+ 68. Kh2 h4 69. Kh1 Re4 70. Ra6 h3 71. Kh2 Re2+ 72. Kh1 Re6 73. Ra3 Kg6 74. Kh2 Re2+ 75. Kh1 Re4 76. Kh2 Kh5 77. Kh1 Kh4 78. Kh2 Re2+ 79. Kh1 Rf2 80. Kg1 Rf3 81. Ra2 Ne4 82. Rb2 Nf6 83. Rb1 Ng4 84. Kh1 Rf2 {[%emt 0:00:05] Weighted Error Value: White=0.55/Black=0.27 (precise)} 0-1